 Dungeon Crawl Stone Soup version 0.29.0-4-gdea44cf6ec (webtiles) character file.

Game seed: 12146948253836012815

3630 qw the Cleaver (level 10, -1/59 HPs)
             Began as a Tengu Warper on Aug 28, 2022.
             Was an Elder of Okawaru.
             Slain by a five-headed hydra (4 damage)
             ... on level 9 of the Dungeon.
             The game lasted 00:00:50 (7840 turns).

qw the Cleaver (Tengu Warper)                       Turns: 7840, Time: 00:00:50

Health: -1/59      AC: 16    Str: 19    XL:     10   Next: 11%
Magic:  13/14      EV: 14    Int: 13    God:    Okawaru [****..]
Gold:   65         SH:  0    Dex: 11    Spells: 13/13 levels left

rFire   . . .      SeeInvis .   d - +0 morningstar
rCold   + . .      Faith    .   (no shield)
rNeg    . . .      Spirit   .   m - +0 plate armour
rPois   +          Reflect  .   (helmet restricted)
rElec   .          Harm     .   (no cloak)
rCorr   .          Rampage  .   e - +0 pair of gloves
Will    .....                   (boots unavailable)
Stlth   ..........              (no amulet)
HPRegen 0.19/turn               h - ring of protection from cold
MPRegen 0.14/turn               g - +4 ring of evasion

@: about to teleport, heroic, flying quickly and evasively, quick
A: beak, talons 3, nimble flight, clumsy 1, poison resistance, strong 1
a: Renounce Religion, Heroism, Finesse


You were on level 9 of the Dungeon.
You worshipped Okawaru.
Okawaru was greatly pleased with you.
You visited 1 branch of the dungeon, and saw 9 of its levels.
You also visited: Sewer.

You collected 458 gold pieces.
You spent 393 gold pieces at shops.


Innate Abilities, Weirdness & Mutations

You have a beak for a mouth.
You have claws for feet.
Your magical nature lets you fly swiftly and evasively.
You are clumsy. (Dex -2)
Your system is resistant to poisons. (rPois)
Your muscles are strong. (Str +4, Int/Dex -1)


   Skills:
 - Level 5.0(10.0) Fighting
 - Level 12.5(17.5) Axes
 - Level 2.5(7.5) Throwing
 + Level 5.1(10.1) Armour
 - Level 2.1(7.1) Dodging
 - Level 2.0 Spellcasting
 - Level 2.4 Translocations
 + Level 4.1 Invocations


You had 13 spell levels left.
You didn't know any spells.
Your spell library contained the following spells:

 Spells                   Type           Power      Damage    Failure   Level
 Blink                    Tloc           14%        N/A       95%         2
 Gell's Gravitas          Tloc           7%         N/A       99%         3
 Lesser Beckoning         Tloc           7%         N/A       99%         3
 Teleport Other           Tloc           7%         N/A       99%         3
 Manifold Assault         Tloc           7%         N/A       100%        5

Inventory:

Hand Weapons
 d - a +0 morningstar (weapon)
 Y - a +3 hand axe of venom
Missiles
 f - 4 boomerangs (quivered)
Armour
 e - a +0 pair of gloves (worn)
 j - a +0 tower shield
 m - a +0 plate armour (worn)
Jewellery
 g - a +4 ring of evasion (right hand)
 h - a ring of protection from cold (left hand)
 k - a ring of resist corrosion
 p - a ring of positive energy
Scrolls
 a - 2 scrolls of identify
 o - a scroll of teleportation
Potions
 b - 2 potions of mutation
 c - a potion of resistance
 i - a potion of haste
 l - 5 potions of curing
 q - a potion of might {unknown}
 r - 3 potions of cancellation

Dungeon Overview and Level Annotations

Branches:
Dungeon (8/15)             Temple (0/1) D:5           Sewer (visited)
   Lair: D:8-11

Altars:
Ashenzari
Dithmenos
Fedhas
Gozag
Hepliaklqana
Kikubaaqudgha
Okawaru
Trog
Wu Jian
Xom

Shops:
D:6 *   D:9 ?[


Message History

Press: ? - help, Q - select action Shift-Dir - straight line, f/p - five-headed hydra You throw a boomerang.
The boomerang hits the five-headed hydra!
The five-headed hydra is heavily wounded.
You hit the five-headed hydra but do no damage.
You claw the five-headed hydra. You peck the five-headed hydra.
The five-headed hydra is heavily wounded.
The five-headed hydra bites you. The five-headed hydra bites you!
The five-headed hydra barely misses you.
The five-headed hydra bites you.
The five-headed hydra closely misses you.
7837 ||| READING 2 scrolls of teleportation.
As you read the scroll of teleportation, it crumbles to dust.
You feel strangely unstable. The five-headed hydra bites you.
The five-headed hydra bites you but does no damage.
The five-headed hydra closely misses you.
The five-headed hydra bites you but does no damage. x2
7838 ||| DRINKING potion of heal wounds.
You feel much better.
The five-headed hydra barely misses you.
The five-headed hydra misses you. The five-headed hydra bites you!
The five-headed hydra barely misses you.
The five-headed hydra bites you but does no damage.
You thump the five-headed hydra! You claw the five-headed hydra!
You punch the five-headed hydra!
The five-headed hydra is almost dead.
The five-headed hydra misses you.
The five-headed hydra barely misses you.
The five-headed hydra bites you. The five-headed hydra misses you.
The five-headed hydra bites you but does no damage.
You hit the five-headed hydra. Your kick misses the five-headed hydra.
You peck the five-headed hydra.
The five-headed hydra is almost dead.
The five-headed hydra bites you.
The five-headed hydra closely misses you.
The five-headed hydra bites you.
The five-headed hydra bites you but does no damage.
The five-headed hydra bites you.
You die...

#.#.#...........##.\.\.
#..........####.#####..
#..........##..........
#....)..!..............
#.#+#)#####.#.#........
#.#'## #.#.#.######.
#....####.#.#.# ####.
#......##.#.#.# #....
#...@..##.#.#.# #.###
#..>D..##.#.#.###....
#((..####.#.#...!....
#....# #.# #....\...
......# #........
#...#...# +........
.....+...# #..#+#...
###...#...# ##.+ +.##
#(..#...# ### ###


You could see a five-headed hydra.

Vanquished Creatures
  Erica (D:9)
  A troll (D:9)
  A shadow (D:9)
  Menkaure (D:4)
  2 ice beasts
  3 black bears
  An orc warrior (D:6)
  A sky beast (D:6)
  An ogre (D:5)
  3 centaurs
  2 phantoms
  2 necrophages (D:7)
  2 bullfrogs
  A scorpion (D:5)
  9 wights
  2 howler monkeys (D:9)
  3 jellies (D:6)
  An orc priest (D:5)
  4 hounds
  2 iguanas
  Terence (D:2)
  A hell rat (Sewer)
  Robin (D:3)
  4 gnolls (D:5)
  5 adders
  A river rat (Sewer)
  3 shadow imps
  A white imp (D:6)
  An ufetubus (D:5)
  A worm (D:4)
  3 dart slugs
  10 orcs
  5 bats
  15 endoplasms
  4 giant cockroaches
  13 hobgoblins
  4 jackals (D:3)
  3 kobolds
  7 quokkas
  4 ball pythons
  4 frilled lizards
  18 goblins
  14 rats
166 creatures vanquished.

Vanquished Creatures (others)
  2 plants (D:3)
2 creatures vanquished.

Grand Total: 168 creatures vanquished

Notes
Turn   | Place    | Note
-------+----------+-------------------------------------------
     0 | D:1      | qw the Tengu Warper began the quest for the Orb.
     0 | D:1      | Reached XP level 1. HP: 12/12 MP: 4/4
     0 | D:1      | 0 ||| qw: Version: 0.1-a-89-g26bdef1
     0 | D:1      | 0 ||| qw: Game counter: 251
     0 | D:1      | 0 ||| qw: Always use a shield: true
     0 | D:1      | 0 ||| qw: God list: Okawaru
     0 | D:1      | 0 ||| qw: Allow faded altars: false
     0 | D:1      | 0 ||| qw: Do Orc after D:15 true
     0 | D:1      | 0 ||| qw: Do second Lair branch before Depths: true
     0 | D:1      | 0 ||| qw: Lair rune preference: random
     0 | D:1      | 0 ||| qw: Plans: Normal
     0 | D:1      | 0 ||| PLANNING D:1-11
    19 | D:1      | 19 ||| Stepping ~*~*~tactically~*~*~ (hiding).
    24 | D:1      | 24 ||| Stepping ~*~*~tactically~*~*~ (hiding).
   129 | D:1      | Reached skill level 3 in Axes
   129 | D:1      | Reached XP level 2. HP: 17/17 MP: 6/6
   774 | D:1      | Reached XP level 3. HP: 21/21 MP: 7/7
   810 | D:1      | Reached skill level 4 in Axes
   917 | D:1      | 917 ||| UPGRADING to +0 ring mail.
  1013 | D:1      | 1013 ||| DROPPING +0 leather armour.
  1129 | D:1      | 1129 ||| Stepping ~*~*~tactically~*~*~ (hiding).
  1286 | D:1      | 1286 ||| UPGRADING to ring of resist corrosion.
  1287 | D:1      | 1287 ||| UPGRADING to +4 ring of evasion.
  1288 | D:1      | 1288 ||| UPGRADING to ring of poison resistance.
  1290 | D:1      | 1290 ||| READING 2 scrolls labelled HOSHRI CUVE.
  1291 | D:1      | 1291 ||| READING 3 scrolls labelled FESMAOBLAE.
  1292 | D:1      | 1292 ||| READING 2 scrolls of enchant weapon.
  1292 | D:1      | 1292 ||| ENCHANTING +1 hand axe.
  1293 | D:1      | 1293 ||| READING scroll of enchant weapon.
  1293 | D:1      | 1293 ||| ENCHANTING +2 hand axe.
  1294 | D:1      | 1294 ||| READING scroll labelled HADAEHEOSTROELA.
  1295 | D:1      | 1295 ||| DROPPING scroll of blinking.
  1560 | D:2      | 1560 ||| Stepping ~*~*~tactically~*~*~ (stealth).
  1561 | D:2      | 1561 ||| Stepping ~*~*~tactically~*~*~ (stealth).
  1576 | D:2      | 1576 ||| Stepping ~*~*~tactically~*~*~ (stealth).
  1609 | D:2      | 1609 ||| Stepping ~*~*~tactically~*~*~ (stealth).
  1611 | D:2      | Reached XP level 4. HP: 26/26 MP: 8/8
  1736 | D:2      | Noticed Terence
  1742 | D:2      | Killed Terence
  1743 | D:2      | Reached skill level 5 in Axes
  2051 | D:2      | 2051 ||| DROPPING +0 club.
  2124 | D:2      | 2124 ||| Stepping ~*~*~tactically~*~*~ (stealth).
  2141 | D:2      | 2141 ||| Stepping ~*~*~tactically~*~*~ (stealth).
  2142 | D:2      | 2142 ||| Stepping ~*~*~tactically~*~*~ (stealth).
  2144 | D:2      | 2144 ||| Stepping ~*~*~tactically~*~*~ (stealth).
  2169 | D:2      | Found a faded altar of an unknown god.
  2268 | D:2      | 2268 ||| UPGRADING to +0 scale mail.
  2278 | D:2      | 2278 ||| DROPPING +0 ring mail.
  2279 | D:2      | 2279 ||| READING scroll labelled GEKLOA MAMIENK.
  2280 | D:2      | 2280 ||| READING scroll labelled ZIREBIOBAL.
  2281 | D:2      | 2281 ||| READING scroll labelled ASSAPAFITHRA.
  2282 | D:2      | 2282 ||| DRINKING 3 viscous coppery potions.
  2282 | D:2      | Gained mutation: Your muscles are strong. (Str +4, Int/Dex
                  | -1) [potion of mutation]
  2282 | D:2      | Gained mutation: You are clumsy. (Dex -2) [potion of
                  | mutation]
  2282 | D:2      | Gained mutation: Your system is resistant to poisons.
                  | (rPois) [potion of mutation]
  2283 | D:2      | 2283 ||| REMOVING ring of poison resistance.
  2284 | D:2      | 2284 ||| UPGRADING to ring of resist corrosion.
  2285 | D:2      | 2285 ||| DROPPING ring of poison resistance.
  2286 | D:2      | 2286 ||| DRINKING 2 inky potions.
  2287 | D:2      | 2287 ||| READING 2 scrolls of identify.
  2287 | D:2      | 2287 ||| IDENTIFYING bubbling black potion
  2288 | D:2      | 2288 ||| DROPPING potion of brilliance.
  2419 | D:3      | Found an iron altar of Okawaru.
  2433 | D:3      | Gained mutation: Your magical nature lets you fly swiftly
                  | and evasively. [Tengu growth]
  2433 | D:3      | Reached XP level 5. HP: 30/30 MP: 9/9
  2435 | D:3      | Became a worshipper of Warmaster Okawaru
  2467 | D:3      | 2467 ||| Stepping ~*~*~tactically~*~*~ (stealth).
  2469 | D:3      | 2469 ||| Stepping ~*~*~tactically~*~*~ (stealth).
  2471 | D:3      | 2471 ||| Stepping ~*~*~tactically~*~*~ (stealth).
  2481 | D:3      | 2481 ||| Stepping ~*~*~tactically~*~*~ (stealth).
  2482 | D:3      | 2482 ||| Stepping ~*~*~tactically~*~*~ (stealth).
  2483 | D:3      | 2483 ||| Stepping ~*~*~tactically~*~*~ (stealth).
  2497 | D:3      | Noticed Robin
  2503 | D:3      | Killed Robin
  2504 | D:3      | Reached skill level 6 in Axes
  2517 | D:3      | 2517 ||| Stepping ~*~*~tactically~*~*~ (stealth).
  2518 | D:3      | 2518 ||| Stepping ~*~*~tactically~*~*~ (stealth).
  2519 | D:3      | 2519 ||| Stepping ~*~*~tactically~*~*~ (stealth).
  2520 | D:3      | 2520 ||| Stepping ~*~*~tactically~*~*~ (stealth).
  2592 | D:3      | Found an opulent altar of Gozag.
  2806 | D:3      | 2806 ||| UPGRADING to +0 pair of gloves.
  2811 | D:3      | 2811 ||| UPGRADING to ring of protection from cold.
  2813 | D:3      | 2813 ||| DRINKING 2 puce potions.
  2847 | D:4      | 2847 ||| PLANNING SEWER
  2861 | D:4      | 2861 ||| Stepping ~*~*~tactically~*~*~ (stealth).
  2862 | D:4      | 2862 ||| Stepping ~*~*~tactically~*~*~ (stealth).
  2901 | D:4      | Noticed Menkaure
  2911 | D:4      | Killed Menkaure
  2912 | D:4      | Reached skill level 7 in Axes
  2912 | D:4      | Reached XP level 6. HP: 32/35 MP: 10/10
  3088 | D:4      | Found a blossoming altar of Fedhas.
  3276 | D:4      | Found an ancient bone altar of Kikubaaqudgha.
  3323 | D:4      | Found a glowing drain.
  3335 | D:4      | 3335 ||| READING scroll labelled NAFOECSOLA.
  3349 | Sewer    | Entered a sewer
  3460 | Sewer    | Reached * piety under Okawaru
  3625 | Sewer    | 3625 ||| READING scroll labelled UVOPTUMIOGG.
  3626 | Sewer    | 3626 ||| READING scroll labelled VEBBAOTI GIAR.
  3627 | Sewer    | 3627 ||| READING scroll labelled TYLO ANUNNA.
  3628 | Sewer    | 3628 ||| DRINKING 2 glowing green potions.
  3629 | Sewer    | 3629 ||| READING 3 scrolls of identify.
  3629 | Sewer    | 3629 ||| IDENTIFYING lumpy inky potion
  3630 | Sewer    | 3630 ||| READING 2 scrolls of identify.
  3630 | Sewer    | 3630 ||| IDENTIFYING viscous inky potion
  3631 | Sewer    | 3631 ||| DROPPING potion of ambrosia.
  3642 | D:4      | 3642 ||| PLANNING D:1-11
  3700 | D:4      | Reached skill level 3 in Fighting
  3807 | D:5      | Entered Level 5 of the Dungeon
  3807 | D:5      | Noticed an ice beast
  3821 | D:5      | 3821 ||| INVOKING Heroism.
  3822 | D:5      | 3822 ||| INVOKING Heroism.
  3823 | D:5      | Killed an ice beast
  3824 | D:5      | Reached XP level 7. HP: 19/41 MP: 8/11
  3824 | D:5      | 3824 ||| STAIRDANCE
  4068 | D:5      | 4068 ||| Stepping ~*~*~tactically~*~*~ (stealth).
  4071 | D:5      | 4071 ||| Stepping ~*~*~tactically~*~*~ (stealth).
  4084 | D:5      | 4084 ||| Stepping ~*~*~tactically~*~*~ (stealth).
  4086 | D:5      | 4086 ||| Stepping ~*~*~tactically~*~*~ (hiding).
  4091 | D:5      | 4091 ||| INVOKING Heroism.
  4099 | D:5      | Reached skill level 1 in Invocations
  4159 | D:5      | Found a staircase to the Ecumenical Temple.
  4179 | D:5      | Reached skill level 8 in Axes
  4183 | D:5      | 4183 ||| INVOKING Heroism.
  4198 | D:5      | 4198 ||| INVOKING Heroism.
  4268 | D:5      | Reached XP level 8. HP: 46/46 MP: 12/12
  4345 | D:5      | 4345 ||| Stepping ~*~*~tactically~*~*~ (hiding).
  4434 | D:5      | Reached skill level 3 in Invocations
  4571 | D:5      | 4571 ||| Stepping ~*~*~tactically~*~*~ (stealth).
  4582 | D:5      | 4582 ||| INVOKING Heroism.
  4710 | D:5      | 4710 ||| DROPPING +0 whip.
  4910 | D:5      | 4910 ||| UPGRADING to +0 chain mail.
  4920 | D:5      | 4920 ||| DROPPING +0 scale mail.
  4921 | D:5      | 4921 ||| DROPPING amulet of magic regeneration.
  4922 | D:5      | 4922 ||| READING scroll labelled ODIKIO UKLIEFI.
  4926 | D:5      | 4926 ||| DRINKING 2 ruby potions.
  4956 | D:6      | Reached ** piety under Okawaru
  4957 | D:6      | Reached skill level 3 in Armour
  4964 | D:6      | 4964 ||| FLEEEEING.
  4965 | D:6      | 4965 ||| STAIRDANCE
  5138 | D:6      | Found an ornate altar of the Wu Jian Council.
  5156 | D:6      | 5156 ||| INVOKING Heroism.
  5218 | D:6      | 5218 ||| INVOKING Heroism.
  5222 | D:6      | Reached skill level 9 in Axes
  5288 | D:6      | 5288 ||| INVOKING Heroism.
  5329 | D:6      | 5329 ||| INVOKING Heroism.
  5354 | D:6      | 5354 ||| Stepping ~*~*~tactically~*~*~ (hiding).
  5360 | D:6      | 5360 ||| INVOKING Heroism.
  5369 | D:6      | 5369 ||| Stepping ~*~*~tactically~*~*~ (stealth).
  5373 | D:6      | 5373 ||| Stepping ~*~*~tactically~*~*~ (stealth).
  5532 | D:6      | Found a shimmering altar of Xom.
  5533 | D:6      | Found a hazy altar of Hepliaklqana.
  5534 | D:6      | Noticed a spectral ugly thing
  5534 | D:6      | Noticed a caustic shrike
  5546 | D:6      | 5546 ||| INVOKING Heroism.
  5554 | D:6      | Reached XP level 9. HP: 52/52 MP: 11/13
  5597 | D:6      | Found Kugrux's Assorted Antiques.
  5608 | D:6      | 5608 ||| BUYING iron ring (115 gold).
  5608 | D:6      | Bought an iron ring for 115 gold pieces
  5608 | D:6      | 5608 ||| BUYING orange potion (20 gold).
  5608 | D:6      | Bought an orange potion for 20 gold pieces
  5608 | D:6      | 5608 ||| BUYING potion of curing (69 gold).
  5608 | D:6      | Bought a potion of curing for 69 gold pieces
  5608 | D:6      | 5608 ||| BUYING potion of curing (69 gold).
  5608 | D:6      | Bought a potion of curing for 69 gold pieces
  5608 | D:6      | 5608 ||| SHOPLISTING scroll labelled VIACSIT UGUXZU (23
                  | gold, have 12).
  5608 | D:6      | 5608 ||| SHOPLISTING scroll of identify (46 gold, have 12).
  5738 | D:6      | Found a shadowy altar of Dithmenos.
  5789 | D:6      | 5789 ||| UPGRADING to +0 plate armour.
  5799 | D:6      | 5799 ||| DROPPING +0 chain mail.
  5800 | D:6      | 5800 ||| DROPPING ring of magical power.
  5801 | D:6      | 5801 ||| READING 2 scrolls of identify.
  5801 | D:6      | 5801 ||| IDENTIFYING fuming white potion
  5802 | D:6      | 5802 ||| DROPPING potion of flight.
  5881 | D:7      | 5881 ||| Stepping ~*~*~tactically~*~*~ (stealth).
  6075 | D:7      | 6075 ||| Stepping ~*~*~tactically~*~*~ (hiding).
  6149 | D:7      | 6149 ||| Stepping ~*~*~tactically~*~*~ (stealth).
  6150 | D:7      | 6150 ||| Stepping ~*~*~tactically~*~*~ (stealth).
  6216 | D:7      | Found a bloodstained altar of Trog.
  6224 | D:7      | Reached skill level 10 in Axes
  6231 | D:7      | 6231 ||| DROPPING +0 flail.
  6245 | D:7      | Reached *** piety under Okawaru
  6246 | D:7      | 6246 ||| INVOKING Heroism.
  6501 | D:7      | 6501 ||| Stepping ~*~*~tactically~*~*~ (hiding).
  6502 | D:7      | 6502 ||| Stepping ~*~*~tactically~*~*~ (hiding).
  6503 | D:7      | 6503 ||| Stepping ~*~*~tactically~*~*~ (hiding).
  6508 | D:7      | 6508 ||| INVOKING Heroism.
  7226 | D:7      | 7226 ||| READING scroll labelled WIANIQ WOLEBI.
  7227 | D:7      | 7227 ||| READING 3 scrolls of identify.
  7227 | D:7      | 7227 ||| IDENTIFYING murky brown potion
  7228 | D:7      | 7228 ||| READING 2 scrolls of identify.
  7228 | D:7      | 7228 ||| IDENTIFYING orange potion
  7229 | D:7      | 7229 ||| DROPPING potion of lignification.
  7230 | D:7      | 7230 ||| DROPPING potion of degeneration.
  7248 | D:8      | Found a broken altar of Ashenzari.
  7302 | D:8      | You are sucked into a shaft and drop 1 floor!
  7417 | D:9      | Found Ejeomn's Magic Scroll Shop.
  7430 | D:9      | 7430 ||| BUYING scroll of identify (30 gold).
  7430 | D:9      | Bought a scroll of identify for 30 gold pieces
  7430 | D:9      | 7430 ||| BUYING scroll of teleportation (45 gold).
  7430 | D:9      | Bought a scroll of teleportation for 45 gold pieces
  7430 | D:9      | 7430 ||| BUYING scroll of teleportation (45 gold).
  7430 | D:9      | Bought a scroll of teleportation for 45 gold pieces
  7430 | D:9      | 7430 ||| SHOPLISTING scroll of teleportation (45 gold, have
                  | 18).
  7460 | D:9      | Found Bouj's Armour Shoppe.
  7469 | D:9      | 7469 ||| SHOPLISTING +2 chain mail of fire resistance (322
                  | gold, have 65).
  7506 | D:9      | Reached skill level 11 in Axes
  7574 | D:9      | Noticed a troll
  7575 | D:9      | 7575 ||| INVOKING Heroism.
  7585 | D:9      | Killed a troll
  7710 | D:9      | Noticed Erica
  7711 | D:9      | 7711 ||| INVOKING Heroism.
  7725 | D:9      | 7725 ||| DRINKING 6 potions of curing.
  7725 | D:9      | 7725 ||| (to cure confusion)
  7730 | D:9      | HP: 12/54 [something (5)]
  7732 | D:9      | Killed Erica
  7732 | D:9      | Received a gift from Okawaru
  7732 | D:9      | Reached **** piety under Okawaru
  7733 | D:9      | Reached skill level 12 in Axes
  7733 | D:9      | Reached XP level 10. HP: 14/59 MP: 12/14
  7828 | D:9      | Noticed a five-headed hydra
  7829 | D:9      | 7829 ||| INVOKING Heroism.
  7833 | D:9      | 7833 ||| SWAPPING to +0 morningstar.
  7836 | D:9      | HP: 12/59 [five-headed hydra (5)]
  7837 | D:9      | 7837 ||| READING 2 scrolls of teleportation.
  7838 | D:9      | 7838 ||| DRINKING potion of heal wounds.
  7840 | D:9      | HP: 3/59 [five-headed hydra (6)]
  7840 | D:9      | Slain by a five-headed hydra

Levels and vault maps discovered:
D:1:      tarquinn_simple_flora_water_e, layout_basic, due_unseen_surprise
D:2:      layout_basic, hellmonk_ecumenical_altar_defaced_shrine, uniq_terence
D:3:      layout_rooms, mainiacjoe_overflow_boulevard,
          mainiacjoe_overflow_alcove_4, minmay_vboxes, uniq_robin
D:4:      nicolae_cairo_tiling, layout_gridville, kiku_gazebo_pond_becter,
          fedhas_altar_4, portal_sewer_entry_f, uniq_menkaure
D:5:      layout_rooms, minmay_temple_entry_tees, mrwooster_statue_mirror,
          minmay_misc_feat_nine_boxes
D:6:      layout_cave_pools, regret_index_temple_of_mockery,
          grunt_dithmenos_shadows, pdpol_wu_jian_five_deadly_venoms,
          serial_shops, shop
D:7:      layout_layer_cave, bloody_trog
D:8:      layout_cave_pods, cheibrodos_ashenzari_chains,
          mainiacjoe_overflow_concentric_impassable, uniq_pikel, uniq_joseph,
          uniq_maggie
D:9:      cheibrodos_fzero, layout_basic, good_gods_temple_1, serial_shops,
          nicolae_shop_trees, shop_coins,
          nicolae_shop_competitors_out_of_business, nicolae_shop_behind_doors,
          nicolae_shop_vocational, uniq_erica

Skill      XL: |  1  2  3  4  5  6  7  8  9 |
---------------+----------------------------+-----
Axes           | 3 4 5 7 8 9 12 | 12.5
Fighting       | 3 4 5 |  5.0
Invocations    | 2 4 |  4.1
Armour         | 2 3 5 |  5.1
Throwing       | 2 |  2.5
Dodging        | |  2.1
Spellcasting   | |  2.0
Translocations | |  2.4

Action                   |  1- 3 |  4- 6 |  7- 9 | 10-12 || total
-------------------------+-------+-------+-------+-------++-------
Melee: Hand axe          |    92 |   105 |   212 |       ||   409
       Kick              |    19 |    22 |    70 |     2 ||   113
       Peck              |    13 |    12 |    39 |     2 ||    66
       Punch             |       |       |     5 |     1 ||     6
       Morningstar       |       |       |       |     3 ||     3
Throw: Boomerang         |     7 |       |     6 |     4 ||    17
       Javelin           |       |    57 |    45 |       ||   102
Invok: Heroism           |       |     1 |    14 |     1 ||    16
  Use: Scroll            |     5 |    10 |     5 |     1 ||    21
       Potion            |       |     4 |     2 |     1 ||     7
Armor: Leather armour    |    16 |       |       |       ||    16
       Ring mail         |     5 |       |       |       ||     5
       Scale mail        |       |    12 |     8 |       ||    20
       Chain mail        |       |       |    10 |       ||    10
       Plate armour      |       |       |    33 |     6 ||    39
Dodge: Dodged            |    43 |    60 |   101 |    10 ||   214

Table legend:
 A = Non-vault XP
 B = Vault XP
 C = Vault XP percentage of total XP
 D = Non-vault monster count
 E = Vault monster count
 F = Vault count percentage of total count
                 A         B        C        D         E       F
            +---------+---------+-------+---------+---------+-------
      Total |    3994 |    1192 |  23.0 |     131 |      35 |  21.1
            +---------+---------+-------+---------+---------+-------
        D:1 |      55 |       0 |   0.0 |      30 |       0 |   0.0
        D:2 |      49 |      42 |  46.2 |      22 |       3 |  12.0
        D:3 |      42 |      74 |  63.8 |      16 |      19 |  54.3
        D:4 |      66 |     171 |  72.2 |       7 |       4 |  36.4
        D:5 |     818 |       0 |   0.0 |      20 |       0 |   0.0
        D:6 |    1006 |      11 |   1.1 |      15 |       1 |   6.2
        D:7 |     915 |       0 |   0.0 |      12 |       0 |   0.0
        D:8 |     124 |       0 |   0.0 |       1 |       0 |   0.0
        D:9 |     919 |     844 |  47.9 |       8 |       1 |  11.1
      Sewer |       0 |      50 | 100.0 |       0 |       7 | 100.0
            +---------+---------+-------+---------+---------+-------
